 Dungeon Crawl Stone Soup version 0.16.1-7-g2c6721e (webtiles) character file.

600969 McCoppin the Formicid Arbalest (level 27, -15/242 (245) HPs)
             Began as a Formicid Hunter on Mar 25, 2015.
             Was the Champion of Cheibriados.
             Demolished by an acid blob (18 damage)
             ... created by the royal jelly
             ... on level 6 of the Pits of Slime on Mar 29, 2015.
             The game lasted 08:17:05 (91842 turns).

McCoppin the Formicid Arbalest (Formicid Hunter)   Turns: 91842, Time: 08:17:05

HP:   -15/242 (245) AC: 22    Str: 41    XL:     27
MP:   5/36          EV: 25    Int: 34    God:    Cheibriados [******]
Gold: 3707          SH: 26    Dex: 39    Spells: 0 memorised, 26 levels left

rFire  + + .     SeeInvis +     b - +4 triple crossbow of Skirmishing {penet, Stlth+}
rCold  + + .     Clarity  .     j - +14 crystal plate armour of Summer {MR+}
rNeg   + . .     SustAb   .     Y - +0 large shield {rF+} (curse)
rPois  +         Gourm    .     (helmet unavailable)
rElec  +         Spirit   .     w - +2 cloak {MR+}
rCorr  +         Warding  .     M - +0 pair of gloves {archery}
rMut   .         Stasis   +     A - +0 pair of boots {Fly}
MR     ++++.                    c - amulet "Fedilamu" {rCorr rC+}
Stlth  ..........               U - ring "Stimuuc" {rElec rF+ Str+3 Dex+2}
                                r - ring of Buacs {rC+ rN+ Int+4 Dex+5}

@: agile, corroded equipment, flying, rotting, very slow, incredibly resistant
to hostile enchantments, extremely unstealthy
A: permanent stasis, dig shafts and tunnels, four strong arms, antennae 3,
hooves 1, icy blue scales 1, clever 1, mutation resistance 1, poison resistance,
regeneration 1, screaming 2, weak 2, MP-powered wands 1
a: Dig, Shaft Self, Bend Time, Temporal Distortion, Slouch, Step From Time,
Renounce Religion, Stop Flying
}: 3/15 runes: barnacled, silver, gossamer


You were on level 6 of the Pits of Slime.
You worshipped Cheibriados.
Cheibriados was exalted by your worship.
You were not hungry.

You visited 11 branches of the dungeon, and saw 60 of its levels.
You also visited: Sewer, Bailey, Ice Cave and Volcano.

You collected 8922 gold pieces.
You spent 5215 gold pieces at shops.

Inventory:

Hand weapons
 b - the +4 triple crossbow of Skirmishing (weapon) {penet, Stlth+}
   (Okawaru gifted it to you on level 2 of the Spider Nest)

   Ammo fired by it will pass through the targets it hits, potentially hitting
   all targets in its path until it reaches maximum range.
   It makes you more stealthy.
 s - the +7 lajatang of Order {silver, rMut}
   (You found it on level 1 of the Spider Nest)

   It protects you from mutation.
Missiles
 a - 36 steel bolts
 n - 697 bolts (quivered)
 C - 124 bolts of frost
 I - 176 bolts of flame
 K - 86 bolts of penetration
 Q - 86 silver bolts
 X - 99 poisoned bolts
Armour
 j - the +14 crystal plate armour of Summer (worn) {MR+}
   (Okawaru gifted it to you on level 2 of the Vaults)

   It affects your resistance to hostile enchantments.
 w - a +2 cloak of magic resistance (worn)
 A - a +0 pair of boots of flying (worn)
 M - a +0 pair of gloves of archery (worn)
 Y - a cursed +0 large shield of fire resistance (worn)
Jewellery
 c - the amulet "Fedilamu" (around neck) {rCorr rC+}
   (You bought it in a shop on level 6 of the Dungeon)

   [amulet of resist corrosion]

   It protects you from acid and corrosion.
   It protects you from cold.
 f - an uncursed ring of protection from fire
 r - the ring of Buacs (left hand) {rC+ rN+ Int+4 Dex+5}
   (You found it on level 4 of the Depths)

   [ring of positive energy]

   It affects your intelligence (+4).
   It affects your dexterity (+5).
   It protects you from cold.
   It protects you from negative energy.
 G - a cursed ring of protection from cold
 U - the ring "Stimuuc" (right hand) {rElec rF+ Str+3 Dex+2}
   (You bought it in a shop on level 3 of the Orcish Mines)

   [ring of protection from fire]

   It affects your strength (+3).
   It affects your dexterity (+2).
   It protects you from fire.
   It insulates you from electricity.
Magical devices
 u - a wand of heal wounds (2)
 T - a wand of disintegration (10)
 Z - a wand of digging (11)
Scrolls
 d - 5 scrolls of fear
 e - 4 scrolls of immolation
 i - 14 scrolls of identify
 x - 14 scrolls of remove curse
 B - 5 scrolls of magic mapping
 H - 7 scrolls of recharging
 S - 3 scrolls of fog
 V - 3 scrolls of silence
Potions
 k - 12 potions of curing
 m - 3 potions of agility
 q - 2 potions of invisibility
 t - 8 potions of magic
 F - a potion of cancellation
 J - 2 potions of resistance
 N - 2 potions of might
 O - 3 potions of heal wounds
 P - a potion of brilliance
 R - 6 potions of ambrosia
 W - 8 potions of restore abilities
Comestibles
 E - 35 fruits


   Skills:
 - Level 26.1 Fighting
 - Level 14.1 Staves
 O Level 27 Crossbows
 - Level 18.0 Armour
 - Level 10.0 Dodging
 + Level 9.3 Stealth
 - Level 15.3 Shields
 + Level 8.3 Invocations


You had 26 spell levels left.
You didn't know any spells.

Dungeon Overview and Level Annotations

Branches:
Dungeon (15/15)            Temple (1/1) D:6            Lair (8/8) D:8
 Shoals (5/5) Lair:5       Spider (5/5) Lair:4        Slime (6/6) Lair:8
    Orc (4/4) D:11            Elf (3/3) Orc:4        Vaults (5/5) D:14
  Crypt (3/3) Vaults:3       Tomb (0/3) Crypt:3      Depths (5/5) D:15
    Zot (0/5) Depths:5

Altars:
Ashenzari
Cheibriados
Dithmenos
Elyvilon
Fedhas
Gozag
Kikubaaqudgha
Makhleb
Nemelex Xobeh
Okawaru
Qazlal
Ru
Sif Muna
Trog
Vehumet
Xom
Yredelemnul
Zin
The Shining One
Jiyva
Lugonu

Shops:
D:6 =   D:10 *   D:12 :   Orc:2 }   Orc:3 =   Orc:4 [*:[   Elf:1 [   Elf:3 [*%
Vaults:1 (!([   Vaults:3 :   Depths:2 *:(*   Depths:4 **

Portals:
Hell: Depths:1 Depths:2 Depths:3 Depths:4 Depths:5
Abyss: Depths:4 Depths:5
Pandemonium: Depths:3
Ziggurat: Depths:5
Trove: Depths:5 (give 11 potions of heal wounds)

Annotations:
Slime:6 Royal Jelly


Innate Abilities, Weirdness & Mutations

You are under a permanent stasis effect.
You can dig through walls and to a lower floor.
Your four strong arms can wield two-handed weapons with a shield.
You have a pair of large antennae on your head (SInv).
You have large cloven feet.
You are partially covered in icy blue scales (AC +1).
Your mind is acute. (Int +2)
You are somewhat resistant to further mutation.
Your system is resistant to poisons.
Your natural rate of healing is unusually fast.
You sometimes yell uncontrollably at your foes.
You are very weak. (Str -4)
You expend magic power (3 MP) to slightly strengthen your wands.


Message History

The acid blob completely misses you. You block the death ooze's attack.
The death ooze hits you!!
* * * LOW HITPOINT WARNING * * *
The acid blob spits acid at you. The splash of acid hits you! You resist.
* * * LOW HITPOINT WARNING * * *
The acid burns!
You resist.
* * * LOW HITPOINT WARNING * * *
The acid blob is engulfed in roaring flames.
The acid blob spits acid at you. The splash of acid hits you! You resist.
* * * LOW HITPOINT WARNING * * *
The acid burns!
You resist.
* * * LOW HITPOINT WARNING * * *
The acid blob hits you but does no damage.
The azure jelly misses you.
The azure jelly hits you but does no damage.
The azure jelly completely misses you. You block the azure jelly's attack.
The acid blob hits you!!
You die...

#.................
##...(............
##...............
#...............
###...............
###.#...............
##.ยงยง................
...##..JJJJJ.............
........@JJ.....(........
#.....GJJJJ............##
#.....................##
......................##
##....................##
#...................###{
#..................##
##..................#
##...................#


You could see the royal jelly (inner flame), 7 acid blobs, 2 azure jellies, a
death ooze (inner flame) and an eye of draining (inner flame).

Vanquished Creatures
  Mara (thrice) (Vaults:3)
  2 ancient liches
  Margery (Depths:4)
  Saint Roka (Depths:4)
  A caustic shrike (Depths:4)
  Mennas (Vaults:3)
  6 golden dragons
  Xtahua (Vaults:4)
  Frederick (Vaults:5)
  Arachne (Spider:3)
  8 liches
  4 tentacled monstrosities
  25 titans
  6 deep elf master archers
  2 quicksilver dragons
  Asterion (Spider:3)
  11 deep elf blademasters
  12 acid blobs
  A kraken (Shoals:5)
  3 sphinxes
  An eldritch tentacle (Depths:4)
  Agnes (Crypt:3)
  5 storm dragons
  6 shadow dragons
  2 ancient champions
  Frances (Spider:1)
  6 azure jellies
  4 revenants
  7 tengu reavers
  20 fire giants
  A draconian monk (Depths:5)
  Ilsuiw (Shoals:5)
  14 vault wardens
  16 frost giants
  Donald (Shoals:5)
  2 ghost moths (Spider:5)
  2 iron dragons
  Maud (Lair:5)
  7 deep elf sorcerers
  10 emperor scorpions
  3 curse skulls
  5 ghouls
  35 stone giants
  10 very ugly things
  A war gargoyle (Vaults:5)
  21 ironheart preservers
  8 rakshasas
  7 reapers
  A draconian shifter (Depths:5)
  2 green draconians
  5 vampire knights
  9 deep elf demonologists
  2 black draconians
  3 dire elephants
  8 deep elf annihilators
  3 yellow draconians
  4 mottled draconians
  3 red draconians
  A death ooze (Slime:5)
  13 ettins
  The ghost of 4thArraOfDagon the Martial Artist, a powerful DrIE of Cheibriados (D:15)
  10 fire dragons
  A mummy priest (Crypt:3)
  4 merfolk javelineers
  11 deep elf death magi
  11 eidola
  A crystal guardian (Vaults:4)
  38 vault guards
  6 deep elf high priests
  Josephine (D:13)
  9 jiangshi
  16 yaktaur captains
  15 merfolk impalers
  3 minotaurs
  Fannar (Lair:6)
  7 great orbs of eyes
  9 hydras
  Harold (D:12)
  A quicksilver dragon skeleton (Crypt:3)
  13 ice dragons
  An ice dragon (shapeshifter) (Vaults:5)
  3 catoblepae
  Erica (Lair:4)
  12 ogre magi
  A spectral fire giant (Crypt:3)
  5 merfolk avatars
  13 merfolk aquamancers
  9 centaur warriors
  15 dancing weapons
  2 satyrs
  26 death yaks
  3 alligator snapping turtles
  3 spriggan air magi
  3 deep troll earth magi
  A spectral stone giant (Crypt:3)
  4 vampire magi
  An alligator (shapeshifter) (Vaults:2)
  8 deep troll shamans
  5 tengu warriors
  A titan zombie (Crypt:3)
  A fire crab (Vaults:4)
  6 spriggan berserkers
  6 soul eaters (Crypt:3)
  3 sun demons
  7 hell knights
  31 skeletal warriors
  30 deep elf knights
  9 unseen horrors
  An unseen horror (shapeshifter) (D:15)
  5 shadow wraiths
  8 giant orange brains
  20 sea snakes
  A shadow demon (Depths:3)
  A wizard (Vaults:2)
  14 deep elf summoners
  28 deep trolls
  A sea snake (shapeshifter) (Vaults:5)
  5 ice statues (IceCv)
  A lindwurm (Lair:8)
  17 hill giants
  Pikel (D:5)
  2 wolf spider zombies
  8 flayed ghosts
  38 harpies
  A lindwurm (shapeshifter) (Vaults:2)
  15 deep elf conjurers
  19 orc knights
  6 oklob plants
  38 ugly things
  6 ironbrand convokers
  8 shining eyes
  19 necromancers
  10 fauns
  3 orc sorcerers
  23 orb spiders
  13 manticores
  35 wolf spiders
  21 phantasmal warriors
  2 sixfirhies
  15 griffons
  A fire giant zombie (Crypt:3)
  A cyclops (shapeshifter) (D:15)
  A shadow dragon skeleton (Crypt:3)
  4 moths of wrath (Spider:5)
  A frost giant zombie (Crypt:3)
  A draconian (shapeshifter) (Elf:2)
  A salamander (shapeshifter) (Depths:4)
  7 vault sentinels
  13 cyclopes
  3 toenail golems (Volcano)
  6 centaur zombies
  An octopode (shapeshifter) (D:15)
  8 hornets
  2 iron dragon skeletons (Crypt:1)
  A gargoyle (D:12)
  An orange demon (Depths:3)
  13 elephants
  Joseph (D:7)
  A frost giant skeleton (Crypt:3)
  10 water nymphs
  10 sirens
  A queen ant (Lair:5)
  2 stone giant skeletons (Crypt:3)
  3 centaur skeletons
  A shining eye (shapeshifter) (Depths:1)
  2 guardian serpents (Depths:2)
  2 rust devils
  6 black mambas
  A torpor snail (shapeshifter) (Elf:1)
  4 torpor snails
  13 spiny frogs
  2 eyes of devastation
  A kobold demonologist (D:13)
  An alligator snapping turtle zombie (Crypt:2)
  A hellion (Depths:4)
  Psyche (D:13)
  2 emperor scorpion zombies
  2 guardian serpents (shapeshifter)
  A large abomination (Elf:3)
  66 yaktaurs
  A tormentor (Elf:3)
  16 demonic crawlers
  A komodo dragon (shapeshifter) (Depths:1)
  A minotaur zombie (Crypt:3)
  An efreet (D:14)
  11 trolls
  13 hellwings (Crypt:3)
  A hydra zombie (Crypt:3)
  12 freezing wraiths
  2 guardian mummies (Crypt:3)
  10 fire drakes
  7 komodo dragons
  2 yaktaurs (shapeshifter)
  2 tengu conjurers
  25 deep elf priests
  29 jumping spiders
  2 red devils
  A jumping spider (shapeshifter) (Vaults:1)
  38 merfolk
  5 wind drakes
  4 queen bees (shapeshifter)
  A two-headed ogre (shapeshifter) (Vaults:2)
  15 blink frogs
  5 blue devils (IceCv)
  30 two-headed ogres
  117 slime creatures
  2 harpy skeletons (Crypt:3)
  4 basilisks
  A raiju (shapeshifter) (Depths:2)
  7 boulder beetles
  11 snapping turtles
  8 ravens
  An ushabti (Crypt:3)
  A frost giant simulacrum (Crypt:3)
  An ettin zombie (Crypt:3)
  A fire dragon zombie (Crypt:3)
  3 bog bodies
  A slime creature (shapeshifter) (Depths:4)
  A blink frog (shapeshifter) (Vaults:2)
  A black mamba zombie (Crypt:3)
  37 deep elf magi
  2 spriggans
  A trapdoor spider (shapeshifter) (Depths:1)
  2 ettin skeletons (Crypt:3)
  13 tarantellas
  2 air elementals (Depths:5)
  18 trapdoor spiders
  5 wyverns
  6 humans (Volcano)
  45 redbacks
  5 shadows
  24 water elementals
  19 wraiths
  3 hungry ghosts
  A tarantella (shapeshifter) (Depths:1)
  21 hippogriffs
  36 deep elf fighters
  2 vampires
  38 yaks
  Grum (D:12)
  3 steam dragons
  11 golden eyes
  A mottled dragon (Vaults:1)
  A chaos spawn (Elf:3)
  A dire elephant simulacrum (Crypt:3)
  8 wargs
  A human (shapeshifter) (Vaults:4)
  A small abomination (Elf:3)
  32 wolves
  The ghost of RobertPalmer the Cutter, an average OpWr (D:4)
  Edmund (D:4)
  2 hippogriffs (shapeshifter)
  19 vampire mosquitoes
  7 soldier ants
  13 water moccasins
  8 human zombies
  A human skeleton (Depths:4)
  6 raven skeletons (Crypt:3)
  3 hell hounds (Lair:8)
  11 sky beasts
  11 porcupines
  3 phantoms
  A spectral raiju (Crypt:3)
  2 slaves (D:5)
  20 ice beasts
  46 orc warriors
  7 necrophages
  31 spiders
  A black bear (shapeshifter) (Vaults:2)
  8 wasps
  4 black bears
  A snapping turtle zombie (Crypt:3)
  63 ogres
  9 eyes of draining
  A swamp dragon zombie (Crypt:3)
  20 centaurs
  22 crocodiles
  A snapping turtle skeleton (Crypt:3)
  2 boggarts
  2 boring beetles (Lair:8)
  Sigmund (D:2)
  An elf zombie (Crypt:2)
  7 lost souls
  2 octopode zombies
  A glowing shapeshifter simulacrum (Vaults:1)
  3 big kobolds
  23 giant frogs
  2 wyvern zombies
  A vine stalker skeleton (Crypt:2)
  A raiju zombie (Crypt:2)
  10 scorpions
  A queen bee zombie (Crypt:1)
  14 wights
  26 jellies
  19 killer bees
  A quasit (D:12)
  6 electric eels
  3 giant frog zombies
  4 goliath beetles
  10 crimson imps
  A draconian simulacrum (IceCv)
  A goliath beetle (shapeshifter) (Elf:3)
  A gnoll shaman (D:4)
  2 human simulacra (Vaults:1)
  A basilisk zombie (Crypt:1)
  13 hounds
  5 giant frog skeletons
  19 orc priests
  A black bear skeleton (Crypt:2)
  32 worker ants
  6 iguanas
  Natasha (D:6)
  23 sheep
  9 hell rats
  24 orc wizards
  2 troll simulacra (IceCv)
  A killer bee zombie (Crypt:2)
  A spriggan simulacrum (IceCv)
  A naga zombie (Crypt:1)
  Ijyb (D:5)
  A demigod skeleton (Crypt:2)
  An ogre zombie (Crypt:2)
  A hound zombie (Crypt:2)
  An ogre skeleton (Crypt:2)
  7 mummies
  2 hound skeletons
  A worker ant zombie (D:6)
  16 gnolls
  2 naga simulacra (IceCv)
  122 river rats
  26 adders
  4 ogre simulacra (IceCv)
  An orc zombie (Orc:4)
  2 giant mites
  9 shadow imps
  2 giant eyeballs (Depths:4)
  An ufetubus (Vaults:1)
  5 worms
  2 adder zombies
  2 adder skeletons
  5 giant geckos
  12 oozes (Lair:7)
  181 orcs
  8 ball pythons
  28 bats
  A bat skeleton (D:4)
  A bat zombie (D:6)
  5 giant cockroaches
  13 hobgoblins
  12 jackals
  51 kobolds
  A giant gecko skeleton (D:5)
  3 giant newts
  3 giant spores
  23 goblins
  A jackal skeleton (Crypt:2)
  A kobold skeleton (Crypt:1)
  2 kobold zombies
  An orc skeleton (Crypt:2)
  13 quokkas
  A quokka skeleton (D:4)
  20 rats
  12 ballistomycetes
  3 crawling corpses
  4 fungi
  12 plants
  2 tentacles (Shoals:5)
3266 creatures vanquished.

Vanquished Creatures (collateral kills)
  Aizul (Spider:1)
1 creature vanquished.

Vanquished Creatures (others)
  A deep elf master archer (Elf:3)
  A tengu reaver (Depths:4)
  A fire giant (Depths:4)
  A vampire knight (Depths:4)
  A necromancer (Depths:2)
  A cyclops (Vaults:2)
  14 drowned souls
  A freezing wraith (Vaults:5)
  A snapping turtle (Shoals:5)
  A deep elf mage (D:15)
  An ice dragon skeleton (Depths:2)
  A deep elf fighter (Elf:3)
  A slave (D:5)
  7 lost souls
  A sheep (D:15)
  A worker ant zombie (D:11)
  A giant gecko (D:9)
  A giant newt (D:5)
  2 giant spores
  A bush (Lair:7)
  24 eldritch tentacle segments (Depths:4)
  6 fungi
  22 plants
  13 tentacles (Shoals:5)
  995 tentacle segments (Shoals:5)
1100 creatures vanquished.

Grand Total: 4367 creatures vanquished

Notes
Turn   | Place    | Note
--------------------------------------------------------------
     0 | D:1      | McCoppin, the Formicid Hunter, began the quest for the Orb.
     0 | D:1      | Reached XP level 1. HP: 16/16 MP: 1/1
   176 | D:1      | Reached XP level 2. HP: 22/22 MP: 3/3
   708 | D:2      | Reached XP level 3. HP: 25/27 MP: 4/4
   772 | D:2      | Reached skill level 5 in Crossbows
   809 | D:2      | Found a stormy altar of Qazlal.
  1015 | D:2      | Noticed Sigmund
  1022 | D:2      | Killed Sigmund
  1022 | D:2      | Reached skill level 6 in Crossbows
  1022 | D:2      | Reached XP level 4. HP: 28/33 MP: 5/5
  1022 | D:2      | Reached XP level 5. HP: 32/38 MP: 7/7
  1028 | D:2      | Found a radiant altar of Vehumet.
  2222 | D:3      | Reached XP level 6. HP: 44/44 MP: 8/8
  2422 | D:4      | Noticed Edmund
  2446 | D:4      | Killed Edmund
  2446 | D:4      | Reached skill level 7 in Crossbows
  2673 | D:4      | Reached XP level 7. HP: 44/50 MP: 9/9
  2797 | D:4      | Noticed RobertPalmer's ghost (average OpWr)
  2804 | D:4      | Killed RobertPalmer's ghost
  2804 | D:4      | Reached skill level 8 in Crossbows
  2992 | D:4      | Found a glowing drain.
  3004 | Sewer    | Entered a sewer
  3206 | Sewer    | Reached skill level 9 in Crossbows
  3564 | D:4      | Reached XP level 8. HP: 56/56 MP: 11/11
  3817 | D:5      | Entered Level 5 of the Dungeon
  3963 | D:5      | Reached skill level 10 in Crossbows
  4036 | D:5      | Reached skill level 1 in Armour
  4093 | D:5      | Noticed Pikel
  4147 | D:5      | Killed Pikel
  4147 | D:5      | Reached XP level 9. HP: 51/67 MP: 12/12
  4210 | D:5      | Found a blossoming altar of Fedhas.
  4222 | D:5      | Noticed Ijyb
  4242 | D:5      | Killed Ijyb
  4443 | D:5      | Reached skill level 5 in Fighting
  4890 | D:5      | Reached skill level 5 in Armour
  5082 | D:6      | Found a glowing golden altar of the Shining One.
  5408 | D:6      | Noticed Natasha
  5416 | D:6      | Killed Natasha
  5597 | D:6      | Found a staircase to the Ecumenical Temple.
  5606 | D:6      | Reached XP level 10. HP: 79/79 MP: 13/13
  5619 | Temple   | Entered the Ecumenical Temple
  5864 | Temple   | Became a worshipper of Warmaster Okawaru
  6129 | D:6      | Found Naamunos' Jewellery Shoppe.
  6961 | D:7      | Noticed Joseph
  6981 | D:7      | Killed Joseph
  7104 | D:7      | Acquired Okawaru's first power
  7732 | D:7      | Found a white marble altar of Elyvilon.
  8266 | D:7      | You fall through a shaft for 3 floors!
  8266 | D:10     | Entered Level 10 of the Dungeon
  8502 | D:9      | Noticed a cyclops
  8527 | D:9      | Killed a cyclops
  8674 | D:9      | Found a flagged portal.
  8706 | Bailey   | Entered a bailey
  9411 | Bailey   | Reached skill level 10 in Fighting
  9411 | Bailey   | Reached XP level 11. HP: 90/90 MP: 15/15
  9494 | Bailey   | Got a twisted scimitar
  9495 | Bailey   | Identified the +4 scimitar "Jaolloph" {venom, rF++ Dex-3} (You took it off a kobold in a bailey)
  9734 | D:8      | Reached skill level 10 in Armour
  9814 | D:8      | Reached skill level 1 in Shields
  9863 | D:8      | Found a staircase to the Lair.
 10756 | D:8      | Noticed a hill giant
 10766 | D:8      | Killed a hill giant
 10766 | D:8      | Reached skill level 5 in Shields
 10838 | D:8      | Gained mutation: You occasionally shout uncontrollably at your foes. [mutagenic meat]
 10970 | D:9      | Found a glowing golden altar of the Shining One.
 11207 | D:9      | Received a gift from Okawaru
 12250 | D:9      | Received a gift from Okawaru
 12313 | D:10     | Found a blossoming altar of Fedhas.
 12463 | D:10     | Noticed a hill giant
 12476 | D:10     | Killed a hill giant
 12482 | D:10     | Reached skill level 1 in Invocations
 12792 | D:10     | Reached skill level 1 in Staves
 12968 | D:10     | Noticed a hill giant
 12978 | D:10     | Killed a hill giant
 13081 | D:10     | You fall through a shaft!
 13084 | D:10     | Found Pejis' Assorted Antiques.
 13100 | D:10     | Bought a forked fluorescent wand for 128 gold pieces
 13100 | D:10     | Bought a glowing plate armour for 736 gold pieces
 13100 | D:10     | Bought a smoky yellow potion for 28 gold pieces
 13100 | D:10     | Bought a scroll of identify for 64 gold pieces
 13222 | D:10     | Reached XP level 12. HP: 86/97 MP: 18/18
 13472 | D:10     | Found a shattered altar of Ashenzari.
 13549 | D:10     | Received a gift from Okawaru
 13610 | D:11     | You fall through a shaft!
 13634 | D:12     | Reached skill level 11 in Fighting
 13638 | D:12     | Gained mutation: Your system is resistant to poisons. [mutagenic meat]
 13639 | D:12     | Gained mutation: You expend magic power (3 MP) to slightly strengthen your wands. [mutagenic meat]
 13640 | D:12     | Gained mutation: You are weak. (Str -2) [mutagenic meat]
 13873 | D:11     | Noticed a manticore
 13891 | D:11     | Killed a manticore
 14237 | D:11     | Received a gift from Okawaru
 14237 | D:11     | Acquired Okawaru's second power
 14603 | D:11     | Reached skill level 12 in Fighting
 14632 | D:11     | Noticed a white ugly thing
 14930 | D:11     | Killed a white ugly thing
 15379 | D:11     | Found a staircase to the Orcish Mines.
 15451 | D:11     | Gained mutation: You are very weak. (Str -4) [potion of mutation]
 15451 | D:11     | Gained mutation: You are somewhat resistant to further mutation. [potion of mutation]
 15739 | Lair:1   | Entered Level 1 of the Lair of Beasts
 16070 | Lair:1   | Reached skill level 13 in Fighting
 16307 | Lair:1   | Received a gift from Okawaru
 16515 | Lair:1   | Got a pitted flail
 16516 | Lair:1   | Identified the +8 flail of Xom's Displeasure {crush, +Blink +Fly rElec rN+ SInv} (You found it on level 1 of the Lair of Beasts)
 16965 | Lair:2   | Found an iron altar of Okawaru.
 17350 | D:10     | Bought a glowing executioner's axe for 320 gold pieces
 17457 | Lair:2   | Reached skill level 14 in Fighting
 17711 | Lair:2   | Reached XP level 13. HP: 108/113 MP: 20/20
 18174 | Lair:3   | Received a gift from Okawaru
 18264 | Lair:3   | Found a frozen archway.
 18271 | Lair:3   | Got a polished spear
 18274 | Lair:3   | Identified the +5 spear of Hidiet {pierce, +Fly rElec rF+ Str-5} (You found it on level 3 of the Lair of Beasts)
 18299 | IceCv    | Entered an ice cave
 18438 | IceCv    | Reached skill level 5 in Staves
 19662 | IceCv    | Got a steaming hand axe
 19700 | IceCv    | Got a crude chain mail
 19703 | IceCv    | Got a dazzling hand axe
 19933 | IceCv    | Identified the +7 chain mail of Prao {rCorr Int-3 SInv Stlth+} (You found it in an ice cave)
 19933 | IceCv    | Identified the cursed +0 hand axe of a bazaar {chop, +Rage MR- Str+3 Dex+7} (You took it off a necromancer in an ice cave)
 19935 | IceCv    | Identified the +4 hand axe of Modesty {antimagic, -Cast +Inv rN+ Str+2 Dex+4} (You found it in an ice cave)
 22182 | Lair:4   | Noticed Erica
 22202 | Lair:4   | Reached skill level 10 in Staves
 22301 | Lair:4   | Killed Erica
 23205 | Lair:4   | Reached XP level 14. HP: 97/120 MP: 21/21
 23254 | Lair:4   | Found a hole to the Spider Nest.
 23856 | Lair:5   | Noticed Maud
 23888 | Lair:5   | Killed Maud
 23888 | Lair:5   | Received a gift from Okawaru
 24414 | Lair:5   | Identified a scroll of acquirement
 24705 | Lair:5   | Found a staircase to the Shoals.
 24969 | Lair:5   | Received a gift from Okawaru
 25432 | Lair:6   | Noticed Fannar
 25477 | Lair:6   | Killed Fannar
 25587 | Lair:6   | Found a dark tunnel.
 25619 | Volcano  | Entered a volcano
 27351 | Lair:7   | Received a gift from Okawaru
 27351 | Lair:7   | Reached XP level 15. HP: 84/126 MP: 21/21
 27736 | Lair:7   | Received a gift from Okawaru
 27764 | Lair:7   | Received a gift from Okawaru
 28238 | Lair:8   | Entered Level 8 of the Lair of Beasts
 28803 | Lair:8   | Found a staircase to the Slime Pits.
 29248 | Lair:8   | Received a gift from Okawaru
 29683 | Lair:8   | Got a scorched chain mail {god gift}
 29695 | Lair:8   | Identified the +0 chain mail of Henotheism {rPois Regen+} (Okawaru gifted it to you on level 8 of the Lair of Beasts)
 30244 | Lair:8   | Reached XP level 16. HP: 82/133 MP: 22/22
 30424 | Lair:8   | Received a gift from Okawaru
 30446 | Lair:8   | Reached skill level 15 in Crossbows
 31266 | D:12     | Noticed a four-headed hydra
 31271 | D:12     | Killed a four-headed hydra
 31343 | D:12     | Noticed Harold
 31362 | D:12     | Killed Harold
 31638 | D:12     | Received a gift from Okawaru
 31699 | D:12     | Noticed Grum
 31719 | D:12     | Killed Grum
 31837 | D:12     | Received a gift from Okawaru
 31838 | D:12     | Got a crystal quarterstaff {god gift}
 31839 | D:12     | Identified the +4 quarterstaff of a bailey {elec, -Cast +Rage rN++ Int+3} (Okawaru gifted it to you on level 12 of the Dungeon)
 31867 | D:12     | Found Baced's Book Emporium.
 32393 | D:13     | Noticed Psyche
 32399 | D:13     | Killed Psyche
 32988 | D:13     | Noticed Josephine
 32991 | D:13     | Killed Josephine
 32994 | D:13     | Reached skill level 16 in Crossbows
 33391 | D:13     | Received a gift from Okawaru
 33536 | D:14     | Found a white marble altar of Elyvilon.
 33547 | D:14     | Gained mutation: You are partially covered in icy blue scales (AC +1). [mutagenic meat]
 33550 | D:14     | Gained mutation: Armour fits poorly on your strangely shaped body. [mutagenic meat]
 33835 | D:14     | Found a gate to the Vaults.
 34213 | D:14     | Reached skill level 17 in Crossbows
 34356 | D:14     | Received a gift from Okawaru
 34536 | D:14     | Received a gift from Okawaru
 34549 | D:14     | Lost mutation: You expend magic power (3 MP) to slightly strengthen your wands. [mutagenic meat]
 34602 | D:14     | Received a gift from Okawaru
 34777 | D:15     | Entered Level 15 of the Dungeon
 34777 | D:15     | Noticed 4thArraOfDagon's ghost (powerful DrIE)
 35080 | D:14     | Reached XP level 17. HP: 119/139 MP: 23/23
 35296 | D:15     | Received a gift from Okawaru
 35297 | D:15     | Got a scorched arbalest {god gift}
 35298 | D:15     | Identified the +1 arbalest of Subjectivity {freeze, rElec rC+ MR+ Dex-2 Stlth+} (Okawaru gifted it to you on level 15 of the Dungeon)
 36403 | D:15     | Reached skill level 18 in Crossbows
 36807 | Orc:1    | Entered Level 1 of the Orcish Mines
 37786 | Orc:2    | Found Blipt's Gadget Emporium.
 38339 | Orc:3    | Found Kooc's Jewellery Boutique.
 38808 | Orc:4    | Entered Level 4 of the Orcish Mines
 38918 | Orc:4    | Received a gift from Okawaru
 38936 | Orc:4    | Received a gift from Okawaru
 39019 | Orc:4    | Found Struwk Meito's Assorted Antiques.
 39019 | Orc:4    | Found Ghuigaol's Book Shoppe.
 39020 | Orc:4    | Found Leten's Food Shoppe.
 39020 | Orc:4    | Found Poesoll's Armour Boutique.
 39048 | Orc:4    | Received a gift from Okawaru
 39077 | Orc:4    | Bought the cursed -4 leather armour of Analysis {rC+ Regen+ Dex+4 Stlth-} for 1 gold piece
 39434 | Orc:4    | Found Woucap's Armour Emporium.
 39489 | Orc:4    | Found a staircase to the Elven Halls.
 39876 | Orc:4    | Bought a bread ration for 50 gold pieces
 39876 | Orc:4    | Bought a royal jelly for 20 gold pieces
 39876 | Orc:4    | Bought a bread ration for 50 gold pieces
 39876 | Orc:4    | Bought a bread ration for 50 gold pieces
 39876 | Orc:4    | Bought a meat ration for 50 gold pieces
 39876 | Orc:4    | Bought a royal jelly for 20 gold pieces
 39876 | Orc:4    | Bought a meat ration for 50 gold pieces
 39876 | Orc:4    | Bought a bread ration for 50 gold pieces
 39876 | Orc:4    | Bought a slice of pizza for 15 gold pieces
 39876 | Orc:4    | Bought a meat ration for 50 gold pieces
 39876 | Orc:4    | Bought a bread ration for 50 gold pieces
 39876 | Orc:4    | Bought a slice of pizza for 15 gold pieces
 39993 | Orc:3    | Bought the ring "Stimuuc" {rElec rF+ Str+3 Dex+2} for 742 gold pieces
 40305 | Spider:1 | Entered Level 1 of the Spider Nest
 40356 | Spider:1 | Noticed Aizul
 40404 | Spider:1 | Killed Aizul
 40734 | Spider:1 | Received a gift from Okawaru
 40958 | Spider:1 | Noticed Frances
 40987 | Spider:1 | Killed Frances
 41276 | Spider:1 | Reached skill level 15 in Fighting
 41312 | Spider:1 | Reached skill level 5 in Dodging
 41405 | Spider:1 | Lost mutation: Armour fits poorly on your strangely shaped body. [potion of mutation]
 42923 | Spider:1 | Reached XP level 18. HP: 79/150 MP: 24/24
 43146 | Spider:2 | Received a gift from Okawaru
 43147 | Spider:2 | Got a fine triple crossbow {god gift}
 43148 | Spider:2 | Identified the +4 triple crossbow of Skirmishing {penet, Stlth+} (Okawaru gifted it to you on level 2 of the Spider Nest)
 43664 | Spider:3 | Noticed Asterion
 43668 | Spider:3 | Killed Asterion
 44140 | Spider:4 | Received a gift from Okawaru
 44173 | Spider:4 | Noticed Arachne
 44217 | Spider:3 | Killed Arachne
 44318 | Spider:3 | Upgraded the game from 0.16.1-2-g95b8d4c to 0.16.1-4-g8e1b745
 44330 | Spider:3 | Upgraded the game from 0.16.1-4-g8e1b745 to 0.16.1-5-gaa23807
 44651 | Spider:4 | Received a gift from Okawaru
 45138 | Spider:5 | Entered Level 5 of the Spider Nest
 45518 | Spider:5 | Received a gift from Okawaru
 47555 | Spider:5 | Received a gift from Okawaru
 47722 | Spider:5 | Reached XP level 19. HP: 66/161 MP: 24/24
 48072 | Spider:5 | Received a gift from Okawaru
 48076 | Spider:5 | Got a faintly humming ring mail {god gift}
 48087 | Spider:5 | Identified the +1 ring mail of Autumn {Int+2} (Okawaru gifted it to you on level 5 of the Spider Nest)
 48104 | Spider:5 | Got a gossamer rune of Zot
 48255 | Spider:5 | Reached skill level 10 in Dodging
 48598 | Shoals:1 | Entered Level 1 of the Shoals
 49385 | Shoals:1 | Reached skill level 19 in Crossbows
 51276 | Shoals:2 | Received a gift from Okawaru
 52327 | Shoals:3 | Reached skill level 20 in Crossbows
 52775 | Shoals:3 | Received a gift from Okawaru
 53486 | Shoals:4 | Received a gift from Okawaru
 54090 | Shoals:4 | Reached XP level 20. HP: 168/168 MP: 25/25
 54239 | Shoals:5 | Entered Level 5 of the Shoals
 54723 | Shoals:5 | Received a gift from Okawaru
 54968 | Shoals:5 | Received a gift from Okawaru
 55031 | Shoals:4 | Reached skill level 21 in Crossbows
 55501 | Shoals:5 | Noticed Ilsuiw
 56112 | Shoals:5 | Received a gift from Okawaru
 56894 | Shoals:4 | Upgraded the game from 0.16.1-5-gaa23807 to 0.16.1-7-g2c6721e
 56996 | Shoals:5 | Noticed Donald
 57042 | Shoals:5 | Killed Donald
 57656 | Shoals:4 | Received a gift from Okawaru
 57670 | Shoals:4 | Got an ancient quarterstaff {god gift}
 57672 | Shoals:4 | Identified the +8 quarterstaff "Psokum" {venom, +Blink rPois Str-4} (Okawaru gifted it to you on level 4 of the Shoals)
 58538 | Shoals:5 | Reached skill level 22 in Crossbows
 58541 | Shoals:5 | Got a barnacled rune of Zot
 58636 | Shoals:5 | Killed Ilsuiw
 58863 | Shoals:5 | Identified The Lost Secrets of Sorcery
 58914 | Shoals:5 | Received a gift from Okawaru
 59644 | Vaults:1 | Entered Level 1 of the Vaults
 59691 | Vaults:1 | Got a faintly glowing chain mail
 59692 | Vaults:1 | Identified the +0 chain mail of the Scribe {Regen+ Str+3} (You found it on level 1 of the Vaults)
 59839 | Vaults:1 | Found Vokoanyaly's Distillery.
 59846 | Vaults:1 | Found Guamushri's Weapon Boutique.
 59868 | Vaults:1 | Bought a potion of agility for 44 gold pieces
 59868 | Vaults:1 | Bought a potion of agility for 44 gold pieces
 59868 | Vaults:1 | Bought a potion of curing for 33 gold pieces
 59868 | Vaults:1 | Bought a potion of might for 44 gold pieces
 59975 | Vaults:1 | Reached XP level 21. HP: 132/174 MP: 26/26
 60006 | Vaults:1 | Gained mutation: You have large cloven feet. [mutagenic meat]
 60457 | Vaults:1 | Found Measka's Armour Shop.
 60615 | Vaults:1 | Found Smoahur's Weapon Emporium.
 60857 | Vaults:1 | Reached skill level 23 in Crossbows
 60944 | Vaults:1 | Received a gift from Okawaru
 61281 | Vaults:1 | Bought the +3 leather armour "Poinickoh" {-Tele rPois Regen+ Dex+2 Slay+6} for 936 gold pieces
 62873 | Vaults:2 | Received a gift from Okawaru
 63250 | Vaults:2 | Reached skill level 24 in Crossbows
 63754 | Vaults:2 | Reached XP level 22. HP: 181/181 MP: 26/26
 63797 | Vaults:2 | Received a gift from Okawaru
 63807 | Vaults:2 | Got a warped crystal plate armour {god gift}
 63808 | Vaults:2 | Identified the +14 crystal plate armour of Summer {MR+} (Okawaru gifted it to you on level 2 of the Vaults)
 63992 | Vaults:3 | Found Febliriescho's Book Boutique.
 64036 | Vaults:3 | Found a staircase to the Crypt.
 64036 | Vaults:3 | Found a basalt altar of Yredelemnul.
 64037 | Vaults:3 | Found an ancient bone altar of Kikubaaqudgha.
 64279 | Vaults:3 | Gained mutation: Your natural rate of healing is unusually fast. [mutagenic meat]
 64328 | Vaults:3 | Noticed Mennas
 64357 | Vaults:3 | Killed Mennas
 64581 | Vaults:3 | Noticed Mara
 64585 | Vaults:3 | Noticed McCoppin's illusion
 64589 | Vaults:3 | Killed Mara
 64589 | Vaults:3 | Killed Mara
 64590 | Vaults:3 | Killed Mara
 65134 | Vaults:4 | Noticed Xtahua
 65146 | Vaults:4 | Killed Xtahua
 65202 | Vaults:4 | Reached skill level 25 in Crossbows
 65629 | Vaults:4 | Received a gift from Okawaru
 66325 | Vaults:2 | Received a gift from Okawaru
 67310 | D:15     | Killed 4thArraOfDagon's ghost
 67565 | D:15     | Found a staircase to the Depths.
 67580 | Depths:1 | Entered Level 1 of the Depths
 67834 | Depths:1 | Reached XP level 23. HP: 187/187 MP: 27/27
 67950 | Depths:1 | Reached skill level 26 in Crossbows
 67951 | Depths:1 | Received a gift from Okawaru
 67953 | Depths:1 | Got a bronze chain mail {god gift}
 67954 | Depths:1 | Identified the +2 chain mail of Untruth {rElec} (Okawaru gifted it to you on level 1 of the Depths)
 68082 | Depths:1 | Found a gateway to Hell.
 68656 | Depths:2 | Reached skill level 10 in Shields
 69055 | Depths:2 | Found Fobyreasa's Antique Weapon Boutique.
 69084 | Depths:2 | Found Usagorau's Assorted Antiques.
 69109 | Depths:2 | Bought a scroll of recharging for 484 gold pieces
 69128 | Depths:2 | Found Phabeah's Book Shop.
 69148 | Depths:2 | Bought a transparent hand crossbow for 280 gold pieces
 69148 | Depths:2 | Identified the cursed -1 hand crossbow of Vikiaqax {elec, +Blink rF- SInv} (You bought it in a shop on level 2 of the Depths)
 69219 | Depths:2 | Found Dihi Raq's Antique Weapon Boutique.
 69535 | Depths:2 | Found Loly's General Store.
 69601 | Depths:2 | Got a twisted hand axe
 69602 | Depths:2 | Identified the cursed -1 hand axe "Throguph Utaxt" {venom, rPois rF+ MR+ MP-9 Str+2} (You found it on level 2 of the Depths)
 69742 | Depths:3 | Received a gift from Okawaru
 69762 | Depths:3 | Received a gift from Okawaru
 70006 | Depths:3 | Received a gift from Okawaru
 70024 | Depths:3 | Received a gift from Okawaru
 70332 | Depths:3 | Received a gift from Okawaru
 70476 | Depths:3 | Reached XP level 24. HP: 195/195 MP: 28/28
 70737 | Depths:3 | Found a one-way gate leading to the halls of Pandemonium.
 71084 | Depths:4 | Noticed Saint Roka
 71109 | Depths:4 | Killed Saint Roka
 71109 | Depths:4 | Received a gift from Okawaru
 71141 | Depths:4 | Got a flickering brass ring
 71142 | Depths:4 | Identified the ring of Buacs {rC+ rN+ Int+4 Dex+5} (You found it on level 4 of the Depths)
 71156 | Depths:4 | Found Griatuph's Assorted Antiques.
 71170 | Depths:4 | Bought a scroll of magic mapping for 150 gold pieces
 71170 | Depths:4 | Bought a scroll of magic mapping for 150 gold pieces
 71170 | Depths:4 | Bought a fizzy cyan potion for 38 gold pieces
 71202 | Depths:4 | Noticed a caustic shrike
 71207 | Depths:4 | Killed a caustic shrike
 71207 | Depths:4 | Reached skill level 15 in Shields
 71316 | Depths:4 | Noticed Margery
 71329 | Depths:4 | Killed Margery
 71565 | Depths:4 | Got a smoking ivory ring
 71567 | Depths:4 | Identified the ring "Proreqid" {Ice Dex+6 Slay-5} (You found it on level 4 of the Depths)
 71638 | Depths:4 | Received a gift from Okawaru
 71748 | Depths:4 | Received a gift from Okawaru
 71759 | Depths:4 | Received a gift from Okawaru
 71866 | Depths:4 | Received a gift from Okawaru
 71910 | Depths:4 | Reached skill level 15 in Armour
 71941 | Depths:4 | Got a sparkling iron ring
 71952 | Depths:4 | Found a one-way gate to the infinite horrors of the Abyss.
 72035 | Depths:4 | Received a gift from Okawaru
 72326 | Depths:4 | Got a crude glass ring
 72329 | Depths:4 | Identified the ring "Skuciat" {rC+ MR+ MP+9 Str-5} (You took it off a vampire mage on level 4 of the Depths)
 72330 | Depths:4 | Identified the ring "Zayvvah" {Fire rElec Int+5 Dex-2 Slay-5} (You found it on level 4 of the Depths)
 72373 | Depths:4 | Reached XP level 25. HP: 184/201 MP: 28/28
 72384 | Depths:4 | Found Feyshaoh's General Store.
 72502 | Depths:5 | Entered Level 5 of the Depths
 72845 | Depths:5 | Found a gate to the Realm of Zot.
 72983 | Depths:5 | Received a gift from Okawaru
 73036 | Depths:5 | Received a gift from Okawaru
 73135 | Depths:5 | Found an iron altar of Okawaru.
 73362 | Depths:5 | Found a gateway to a ziggurat.
 73427 | Depths:5 | Found a corrupted altar of Lugonu.
 73475 | Depths:5 | Found a portal to a secret trove of treasure.
 74270 | Elf:1    | Entered Level 1 of the Elven Halls
 74374 | Elf:1    | Found Itial's Antique Armour Boutique.
 74500 | Elf:1    | Received a gift from Okawaru
 74587 | Elf:1    | Got a smoking hand crossbow
 74588 | Elf:1    | Identified the +7 hand crossbow "Grim Tooth" {elec, -Cast rElec rPois Dex+3} (You found it on level 1 of the Elven Halls)
 74695 | Elf:1    | Found a radiant altar of Vehumet.
 74742 | Elf:1    | Got a brightly glowing plate armour
 74753 | Elf:1    | Identified the +0 plate armour of Tyitso {-Tele rElec rC++ MP+9} (You found it on level 1 of the Elven Halls)
 75818 | Elf:2    | Found a runed gate.
 75818 | Elf:2    | Found a runed gate.
 75818 | Elf:2    | Found a runed gate.
 76302 | Elf:2    | Received a gift from Okawaru
 76532 | Elf:3    | Entered Level 3 of the Elven Halls
 76562 | Elf:3    | Reached XP level 26. HP: 208/208 MP: 29/29
 76772 | Elf:3    | Received a gift from Okawaru
 76790 | Elf:3    | Reached skill level 27 in Crossbows
 77076 | Elf:3    | Got a smoking rapier
 77077 | Elf:3    | Identified the +5 rapier of Triumph {freeze, rC+ Str-5 Int+4 Dex+4} (You took it off a deep elf summoner on level 3 of the Elven Halls)
 77270 | Elf:3    | Got a clouded ivory ring
 77271 | Elf:3    | Identified the ring "Huiluy" {rPois Str+4 Int+3} (You took it off a deep elf sorcerer on level 3 of the Elven Halls)
 77351 | Elf:3    | Identified the Handbook of the Displaced Entourage
 77384 | Elf:3    | Gained mutation: Your mind is acute. (Int +2) [potion of mutation]
 77384 | Elf:3    | Gained mutation: You sometimes yell uncontrollably at your foes. [potion of mutation]
 77392 | Elf:3    | Got a pair of warped gloves
 77403 | Elf:3    | Identified the +2 pair of gloves of Lioredec {Str+5} (You found it on level 3 of the Elven Halls)
 77430 | Elf:3    | Got a spiked ring mail
 77441 | Elf:3    | Identified the cursed -5 ring mail of Hopscotch {+Blink rElec MR- Str-5 Dex-2} (You found it on level 3 of the Elven Halls)
 77524 | Elf:3    | Identified the Reference Book on Transformation (You found it on level 3 of the Elven Halls)
 77527 | Elf:3    | Identified the Handbook of Ensnaring Summoning
 77553 | Elf:3    | Found Striyx's General Store.
 77562 | Elf:3    | Bought a scroll of identify for 42 gold pieces
 77562 | Elf:3    | Bought a scroll of magic mapping for 73 gold pieces
 77668 | Elf:3    | Found Bragemn's Food Emporium.
 77896 | Elf:3    | Found Heaff's Antique Armour Emporium.
 78563 | Vaults:2 | Received a gift from Okawaru
 78577 | Vaults:2 | Got a tattered robe {god gift}
 78590 | Vaults:2 | Identified the +1 robe of the Townfolk {Regen+ Int+6} (Okawaru gifted it to you on level 2 of the Vaults)
 78718 | Vaults:5 | Entered Level 5 of the Vaults
 78848 | Vaults:5 | Noticed an ancient lich
 78860 | Vaults:4 | Killed an ancient lich
 78860 | Vaults:4 | Received a gift from Okawaru
 79039 | Vaults:5 | Received a gift from Okawaru
 79247 | Vaults:5 | Reached XP level 27. HP: 208/226 MP: 29/29
 79276 | Vaults:5 | Received a gift from Okawaru
 79643 | Vaults:5 | Noticed Frederick
 79648 | Vaults:5 | Killed Frederick
 79805 | Vaults:5 | Received a gift from Okawaru
 79829 | Vaults:5 | Got a silver rune of Zot
 79901 | Vaults:5 | Received a gift from Okawaru
 80349 | Vaults:5 | Got a smoking chain mail
 80360 | Vaults:5 | Identified the cursed -2 chain mail of Phycrof {Int+4 Dex+2} (You found it on level 5 of the Vaults)
 80676 | Vaults:5 | Received a gift from Okawaru
 80735 | Vaults:5 | Received a gift from Okawaru
 81068 | Vaults:5 | Got a bone quarterstaff {god gift}
 81069 | Vaults:5 | Identified the +7 quarterstaff "Bout Etuwk" {antimagic, rF+ Int+4} (Okawaru gifted it to you on level 5 of the Vaults)
 81955 | D:6      | Bought the amulet "Fedilamu" {rCorr rC+} for 408 gold pieces
 82030 | Temple   | Fell from the grace of Okawaru
 82031 | Temple   | Became a worshipper of Cheibriados the Contemplative
 82617 | Crypt:1  | Entered Level 1 of the Crypt
 82861 | Crypt:1  | Acquired Cheibriados' first power
 84200 | Crypt:2  | Got a pair of translucent gloves
 84211 | Crypt:2  | Identified the cursed -5 pair of gloves of Makhleb's Displeasure {Int+2} (You found it on level 2 of the Crypt)
 84247 | Crypt:2  | Acquired Cheibriados' second power
 84445 | Crypt:2  | Found a basalt altar of Yredelemnul.
 84598 | Crypt:3  | Entered Level 3 of the Crypt
 84920 | Crypt:3  | Acquired Cheibriados' third power
 85113 | Crypt:3  | Noticed Agnes
 85122 | Crypt:3  | Killed Agnes
 85682 | Crypt:3  | Acquired Cheibriados' fourth power
 85688 | Crypt:3  | Noticed an ancient lich
 85691 | Crypt:3  | Killed an ancient lich
 85960 | Crypt:3  | Found an ancient bone altar of Kikubaaqudgha.
 86331 | Crypt:3  | Found a staircase to the Tomb.
 87037 | Crypt:3  | Got a transparent quarterstaff
 87038 | Crypt:3  | Identified the +9 quarterstaff of the Wilderness {freeze, Noisy rElec rPois} (You found it on level 3 of the Crypt)
 87100 | Crypt:3  | Identified a +2 rod of ignition (9/9) (You found it on level 3 of the Crypt)
 88371 | Slime:1  | Entered Level 1 of the Pits of Slime
 89376 | Slime:3  | Reached skill level 5 in Stealth
 89641 | Slime:4  | Reached skill level 5 in Invocations
 91379 | Slime:6  | Entered Level 6 of the Pits of Slime
 91616 | Slime:6  | Found a viscous altar of Jiyva.
 91617 | Slime:6  | Noticed the royal jelly
 91620 | Slime:6  | Gained mutation: You expend magic power (3 MP) to slightly strengthen your wands. [a shining eye]
 91842 | Slime:6  | HP: 12/242 [acid[the royal jelly] (1)]
 91842 | Slime:6  | HP: 5/242 [acid blob/splash of acid[the royal jelly] (7)]
 91842 | Slime:6  | Demolished by an acid blob

Action                   |  1- 3 |  4- 6 |  7- 9 | 10-12 | 13-15 | 16-18 | 19-21 | 22-24 | 25-27 || total
-------------------------+-------+-------+-------+-------+-------+-------+-------+-------+-------++-------
Melee: Quarterstaff      |       |       |       |   265 |       |   509 |       |       |       ||   774
       Battleaxe         |       |       |       |   109 |       |       |       |       |       ||   109
       Scimitar          |       |       |       |   705 |       |       |       |       |       ||   705
       Flail             |       |       |       |    84 |   932 |   153 |       |       |       ||  1169
       Lajatang          |       |       |       |       |   631 |  1418 |  1810 |   182 |       ||  4041
 Fire: Hand crossbow     |    98 |   147 |   390 |   236 |    83 |       |       |       |       ||   954
       Blowgun           |       |       |     1 |    35 |       |       |       |       |       ||    36
       Arbalest          |       |       |       |       |   386 |   660 |   125 |       |       ||  1171
       Triple crossbow   |       |       |       |       |       |    75 |   411 |  1101 |  2269 ||  3856
Invok: Heroism           |       |       |       |     1 |     1 |       |     4 |     4 |       ||    10
       Slouch            |       |       |       |       |       |       |       |       |     1 ||     1
       Renounce Religion |       |       |       |       |       |       |       |       |     1 ||     1
 Abil: Dig               |       |       |     8 |    27 |    33 |    22 |     5 |     6 |    10 ||   111
       Shaft Self        |       |       |       |     1 |       |       |       |       |       ||     1
       Stop Flying       |       |       |       |       |       |       |     1 |     1 |     1 ||     3
       Evoke Flight      |       |       |       |       |       |       |       |     1 |     2 ||     3
Evoke: Wand              |       |       |       |     5 |       |     6 |     8 |     2 |    19 ||    40
       Deck              |       |       |       |       |       |       |     2 |       |       ||     2
       Lamp of fire      |       |       |       |       |       |       |       |       |     1 ||     1
  Use: Scroll            |       |     5 |     4 |    14 |     7 |    10 |    10 |    17 |    19 ||    86
       Potion            |       |     4 |     1 |    17 |    22 |     8 |     5 |     2 |     6 ||    65
 Stab: Distracted        |       |       |       |     1 |       |       |       |       |       ||     1
  Eat: Meat ration       |       |     1 |     1 |       |     2 |     5 |     5 |     2 |     5 ||    21
       Chunk             |       |       |     3 |    15 |    14 |    35 |    27 |    15 |     7 ||   116
       Bread ration      |       |       |     1 |     6 |     8 |     6 |     7 |     2 |     5 ||    35
       Beef jerky        |       |       |       |     3 |     2 |     3 |     1 |     1 |       ||    10
       Pizza             |       |       |       |     1 |       |     1 |       |     1 |       ||     3
       Royal jelly       |       |       |       |       |     1 |     2 |       |     2 |     1 ||     6
       Fruit             |       |       |       |       |       |     2 |     1 |       |     3 ||     6
